Map: Acolyte LE

Players

Rumple - Winner!

  • Race: Terran Terran
  • Spawn Location: 7:00

Mephisto

  • Race: Protoss Protoss
  • League: Diamond
  • Spawn Location: 1:00

VOD

Have the link to the VOD?

Description

Time

  • Played on: Dec. 17, 2023, 8:12 p.m.
  • Length: 11:30
Show
View Real Time Build Order
Export as new Build Order

Rumple Terran - Winner!

Build Orders:  

Get SALT Encoding   

  12  0:04  SCV  
  13  0:36  SCV  
  14  1:24  SCV  
  7  1:36  SCV  
  7  1:55  Supply Depot  
  7  2:23  Barracks  
  5  3:12  Marine  
  6  3:25  SCV  
  7  3:37  Marine  
  8  3:55  Marine  
  9  4:10  Orbital Command  
  9  4:19  Marine  
  10  4:35  Refinery  
  10  4:41  Marine  
  11  4:51  SCV  
  11  5:19  Marine  
  10  5:29  SCV  
  10  5:44  SCV  
  10  5:49  Refinery  
  11  5:54  Marine  
  11  5:56  SCV  
  12  6:06  Barracks  
  12  6:08  SCV  
  14  6:22  SCV  
  15  6:32  Reaper  
  15  6:42  Barracks  
  15  6:43  SCV  
  16  6:55  SCV  
  17  7:06  Reaper x2  
  19  7:27  SCV  
  20  7:38  Reaper x3  
  23  7:50  Supply Depot  
  23  8:11  SCV, Reaper  
  25  8:23  SCV  
  26  8:35  SCV  
  26  8:38  Reaper x2  
  29  8:43  Reaper  
  30  8:58  Command Center  
  30  9:03  SCV  
  31  9:15  SCV  
  31  9:27  SCV  
  31  9:45  Factory  
  31  9:50  Supply Depot  
  31  10:06  SCV  
  31  10:11  Reaper  
  31  10:12  Reaper x2  
  31  10:13  Supply Depot  
  34  10:18  SCV  
  35  10:30  SCV  
  36  10:43  SCV  
  36  10:44  Reaper x3  
Show
View Real Time Build Order
Export as new Build Order

Mephisto Protoss 

Build Orders:  

Get SALT Encoding   

  12  0:03  Probe  
  13  0:18  Probe  
  14  0:30  Probe  
  15  0:41  Pylon  
  15  0:46  Assimilator  
  15  0:59  Probe  
  16  1:11  Probe  
  12  1:24  Probe  
  3  1:36  Probe  
  3  1:49  Pylon, Forge  
  3  2:41  Photon Cannon  
  3  2:52  Probe (Chrono Boost)  
  4  3:02  Probe (Chrono Boost)  
  5  3:16  Probe  
  6  3:30  Probe (Chrono Boost)  
  7  3:53  Pylon  
  7  4:00  Probe (Chrono Boost)  
  8  4:15  Probe (Chrono Boost)  
  9  4:27  Probe (Chrono Boost)  
  10  4:36  Photon Cannon  
  10  4:42  Probe  
  11  4:55  Probe (Chrono Boost)  
  12  5:04  Probe (Chrono Boost)  
  12  5:20  Probe (Chrono Boost)  
  12  5:30  Probe (Chrono Boost)  
  13  5:42  Photon Cannon  
  13  5:52  Probe  
  13  6:04  Probe  
  14  6:16  Probe (Chrono Boost)  
  15  6:22  Gateway  
  15  6:28  Probe (Chrono Boost)  
  16  6:36  Probe (Chrono Boost)  
  17  6:42  Probe  
  18  6:55  Probe  
  19  7:10  Cybernetics Core  
  19  7:12  Probe  
  20  7:24  Probe  
  20  7:29  Nexus  
  21  7:36  Probe (Chrono Boost)  
  22  7:41  Pylon  
  22  7:45  Probe (Chrono Boost)  
  22  7:51  Probe (Chrono Boost)  
  23  7:52  Warp Gate  
  24  8:02  Gateway  
  24  8:04  Stalker  
  26  8:12  Probe  
  19  8:51  Adept (Chrono Boost)  
  19  8:57  Stalker (Chrono Boost)  
  19  8:59  Probe (Chrono Boost)  
  23  9:05  Probe (Chrono Boost)  
  23  9:09  Probe (Chrono Boost)  
  22  9:15  Probe  
  16  9:45  Adept  
  18  9:51  Probe (Chrono Boost)  
  19  10:04  Stalker  
  15  10:27  Probe  
  16  10:33  Adept  
  12  10:51  Zealot  
  12  11:02  Zealot  
Tags
 
League
Diamond
Matchup
PvT
Spawn Locations
Cross Positions
Add a new tag
Caveats
  • Supply blocks, unpowered buildings, or Contaminate may cause inaccurate times.
  • Supply counts are checked every 10 seconds.